 Dungeon Sprint DCSS version 0.31-a0-675-g238779eb0a (webtiles) character file.

Game seed: 3793142031773175471

1054 sircluck the Grappler (level 8, -2/138 HPs)
             Began as a Troll Berserker on Sept 5, 2023.
             Was a Priest of Trog.
             Succumbed to Sonja's poison
             ... in the Dungeon (Sprint I: "Red Sonja").
             The game lasted 00:01:17 (285 turns).

sircluck the Grappler (Troll Berserker)              Turns: 285, Time: 00:01:18

Health: -2/138     AC:  4    Str: 28    XL:     8   Next: 5%
Magic:  7/7        EV: 12    Int:  3    God:    Trog [***...]
Gold:   255        SH:  0    Dex:  9    Spells: 7/7 levels left

rFire   + .          .
                       - Unarmed
rCold   + . .        (no shield)
rNeg    . . .        a - +0 animal skin
rPois   .            (helmet restricted)
rElec   .            j - scarf {rC+ rF+}
rCorr   .            (gloves unavailable)
SInv    .            (boots unavailable)
Will    .....        (no amulet) Stlth
                     (no ring)
HPRegen 1.23/turn    (no ring)
MPRegen 0.10/turn

%: no teleportation
@: berserking, lethally poisoned (-2 -> -43), very quick
A: large, unfitting armour, claws 3, regeneration 1, shaggy fur 1, tough skin 1
a: Renounce Religion, Berserk, Trog's Hand


You were in the Dungeon.
You worshipped Trog.
Trog was most pleased with you.
You visited 1 branch You collected 423 gold pieces.
You spent 168 gold pieces at shops.

Inventory:

Armour
 a - a +0 animal skin (worn)
 j - a scarf of resistance (worn)
Wands
 h - a wand of charming (6)
 i - a wand of polymorph (7)
Scrolls
 g - a scroll of blinking
Potions
 b - a potion of curing
 c - a potion of heal wounds
 d - a potion of haste
 e - 2 potions of magic
 f - a potion of berserk rage


   Skills:
 + Level 9.1 Fighting
 + Level 9.0 Dodging
 + Level 10.7 Unarmed Combat


You had 7 spell levels left.
You didn't know any spells.
Your spell library was empty.

Dungeon Overview and Level Annotations

Branches:
Dungeon (1/1)

Altars:
Cheibriados
Dithmenos
Elyvilon
Fedhas
Gozag
Hepliaklqana
Kikubaaqudgha
Makhleb
Nemelex Xobeh
Okawaru
Qazlal
Ru
Sif Muna
Trog
Uskayaw
Vehumet
Wu Jian
Xom
Yredelemnul
Zin
The Shining One
Jiyva
Lugonu

Shops:
D *

Annotations:
D Sonja


Innate Abilities, Weirdness & Mutations

You are too large for most types of armour.
You have claws for hands.
Your natural rate of healing is unusually fast.
You are covered in fur. (AC +1)
You have tough skin. (AC +1)


Message History

Sonja hits you with a +1 short sword of venom!
Sonja misses you. Sonja barely misses you.
You closely miss Sonja.
You feel very sick.
Sonja hits you with a +1 short sword of venom.
You are more poisoned.
Sonja hits you with a +1 short sword of venom.
You are more poisoned.
Sonja hits you with a +1 short sword of venom.
You are more poisoned.
A red film seems to cover your vision as you go berserk!
You feel yourself moving faster!
You feel mighty!
* * * LOW HITPOINT WARNING * * *
You feel extremely sick.
Sonja hits you with a +1 short sword of venom.
* * * LOW HITPOINT WARNING * * *
Sonja hits you with a +1 short sword of venom.
* * * LOW HITPOINT WARNING * * *
You are lethally poisoned!
Sonja hits you but does no damage.
You are more poisoned.
You miss Sonja.
* * * LOW HITPOINT WARNING * * *
You feel extremely sick.
Sonja hits you with a +1 short sword of venom.
* * * LOW HITPOINT WARNING * * *
Sonja misses you. Sonja closely misses you.
You mangle Sonja!!
Sonja is almost dead.
* * * LOW HITPOINT WARNING * * *
You feel extremely sick.
Sonja hits you with a +1 short sword of venom.
* * * LOW HITPOINT WARNING * * *
Sonja barely misses you.
Sonja hits you with a +1 short sword of venom.
* * * LOW HITPOINT WARNING * * *
You are more poisoned.
You completely miss Sonja.
Sonja is almost dead.
You die...

##########################
#<.#..)..#..').#__#..')..#
#..'..#..'..#..'..'..#)..#
#.)#####'#####'#__####...+
#..####..#...#K#### #####
#..#__####..##@#
#..#_____##'#_.+
#⌠⌠#_.∩..†'..._#
####_..__##_.#'#
#_____###'#[# #######
#.### ..$ $.$# ##.##


You could see Sonja.

Vanquished Creatures
  2 kobold demonologists (D)
  A slime creature (D)
  A yak (D)
  A floating eye (D)
  An ogre (D)
  A jelly (D)
  Ijyb (D)
8 creatures vanquished.

Vanquished Creatures (others)
  Sigmund (D)
1 creature vanquished.

Grand Total: 9 creatures vanquished

Notes
Turn   | Place    | Note
-------+----------+-------------------------------------------
     0 | D        | sircluck the Troll Berserker began the quest for the Orb.
     0 | D        | Reached XP level 1. HP: 22/22 MP: 0/0
     1 | D        | Noticed Ijyb
    28 | D        | Killed Ijyb
    29 | D        | Reached skill level 4 in Unarmed Combat
    29 | D        | Reached XP level 2. HP: 26/32 MP: 1/1
    36 | D        | Noticed an ogre
    42 | D        | Killed an ogre
    43 | D        | Reached skill level 5 in Fighting
    43 | D        | Reached skill level 5 in Dodging
    43 | D        | Reached skill level 6 in Unarmed Combat
    43 | D        | Reached XP level 3. HP: 15/42 MP: 2/2
    43 | D        | Reached XP level 4. HP: 18/50 MP: 3/3
    74 | D        | Noticed Sigmund
    91 | D        | Found a burning altar of Makhleb.
    91 | D        | Found a viscous altar of Jiyva.
    91 | D        | Found a shimmering altar of Xom.
    91 | D        | Found a corrupted altar of Lugonu.
    91 | D        | Noticed a slime creature
    98 | D        | Your ally Sigmund died
   106 | D        | Killed a slime creature
   106 | D        | Reached ** piety under Trog
   107 | D        | Reached skill level 7 in Unarmed Combat
   107 | D        | Reached XP level 5. HP: 54/61 MP: 4/4
   107 | D        | Reached XP level 6. HP: 60/68 MP: 5/5
   131 | D        | Found an ornate altar of the Wu Jian Council.
   131 | D        | Found a shimmering blue altar of Sif Muna.
   133 | D        | Found a radiant altar of Vehumet.
   137 | D        | Reached skill level 8 in Unarmed Combat
   209 | D        | Found Gautuix's Assorted Antiques.
   209 | D        | Found an ancient bone altar of Kikubaaqudgha.
   209 | D        | Found a hazy altar of Hepliaklqana.
   209 | D        | Found a stormy altar of Qazlal.
   209 | D        | Found a hide-covered altar of Uskayaw.
   209 | D        | Found a blossoming altar of Fedhas.
   209 | D        | Found a bloodstained altar of Trog.
   209 | D        | Found an iron altar of Okawaru.
   209 | D        | Found a basalt altar of Yredelemnul.
   209 | D        | Found a glowing golden altar of the Shining One.
   209 | D        | Found a snail-covered altar of Cheibriados.
   209 | D        | Found a sacrificial altar of Ru.
   209 | D        | Found a glowing silver altar of Zin.
   209 | D        | Found a shadowy altar of Dithmenos.
   209 | D        | Found a white marble altar of Elyvilon.
   209 | D        | Noticed a yak
   210 | D        | Found an opulent altar of Gozag.
   214 | D        | Killed a yak
   215 | D        | Found a sparkling altar of Nemelex Xobeh.
   223 | D        | Bought an embroidered scarf for 168 gold pieces
   244 | D        | Noticed a kobold demonologist
   244 | D        | Noticed a floating eye
   244 | D        | Noticed a kobold demonologist
   247 | D        | Killed a kobold demonologist
   247 | D        | Reached *** piety under Trog
   248 | D        | Reached skill level 9 in Unarmed Combat
   248 | D        | Reached XP level 7. HP: 81/81 MP: 6/6
   249 | D        | Killed a kobold demonologist
   250 | D        | Reached skill level 10 in Unarmed Combat
   251 | D        | Reached XP level 8. HP: 92/92 MP: 7/7
   269 | D        | Noticed Sonja
   284 | D        | HP: 4/138 [Sonja/+1 short sword of venom (4)]
   285 | D        | Succumbed to Sonja's poison

Illustrated notes

Levels and vault maps discovered:
D:        dungeon_sprint_1 [red_sonja_temple_1, red_sonja_temple_small_1]

Skill      XL: |  1  2  3  4  5  6  7 |
---------------+----------------------+-----
Fighting       | 3 5 6 8 9 |  9.1
Dodging        | 3 5 6 8 9 |  9.0
Unarmed Combat | 4 6 7 9 10 | 10.7

Action                     |  1- 3 |  4- 6 |  7- 9 || total
---------------------------+-------+-------+-------++-------
  Melee: Unarmed           |    18 |    15 |    10 ||    43
         Punch             |       |     1 |       ||     1
 Invoke: Berserk           |       |     1 |     1 ||     2
  Evoke: Wand              |     2 |     1 |       ||     3
   Stab: Sleeping          |       |     1 |       ||     1
 Armour: Animal skin       |    12 |     7 |    18 ||    37
  Dodge: Dodged            |     6 |     6 |    11 ||    23

Table legend: (Time is in decaauts)
 A = Elapsed time spent in this place.
 B = Non-inter-level travel time spent in this place.
 C = Inter-level travel time spent in this place.
 D = Time resting spent in this place.
 E = Time spent auto-exploring this place.
 F = Levels seen in this place.
 G = Mean time per level.
                   A        B        C        D        E       F      G
               +--------+--------+--------+--------+--------+-----+--------+
         Total |    290 |    261 |     29 |     26 |     18 |   1 |  290.0 |
       Dungeon |    290 |    261 |     29 |     26 |     18 |   1 |  290.0 |
               +--------+--------+--------+--------+--------+-----+--------+

Top non-repeatable levels by time:
       D: 290 daAuts
